 Dungeon Crawl Stone Soup version 0.22.1 (webtiles) character file.

126 whitewolfNL the Skirmisher (level 5, 0/57 HPs)
             Began as an Ogre Berserker on Sept 19, 2018.
             Was a Believer of Trog.
             Succumbed to a kobold's poison
             ... on level 3 of the Dungeon.
             The game lasted 00:27:03 (4273 turns).

whitewolfNL the Skirmisher (Ogre Berserker)         Turns: 4273, Time: 00:27:04

Health: 0/57       AC:  4    Str: 22    XL:     5   Next: 10%
Magic:  5/5        EV: 10    Int:  8    God:    Trog [**....]
Gold:   62         SH:  0    Dex:  8    Spells: 4/4 levels left

rFire    . . .     SeeInvis .   w - +0 quarterstaff
rCold    . . .     Gourm    .   (shield currently unavailable)
rNeg     . . .     Faith    .   b - +1 animal skin
rPois    .         Spirit   .   (helmet restricted)
rElec    .         Reflect  .   (no cloak)
rCorr    .         Harm     .   (gloves unavailable)
MR       .....                  (boots unavailable)
Stlth    +.........             (no amulet)
HPRegen  0.19/turn              (no ring)
MPRegen  0.09/turn              (no ring)

@: lethally poisoned (0 -> -1)
A: large, unfitting armour, tough skin 1
a: Berserk, Trog's Hand, Renounce Religion


You were on level 3 of the Dungeon.
You worshipped Trog.
Trog was pleased with you.
You were hungry.

You visited 1 branch of the dungeon, and saw 3 of its levels.

You collected 62 gold pieces.

Inventory:

Hand Weapons
 a - a +0 spear
 f - a +0 hunting sling
 g - a +0 whip
 j - a +0 club
 u - a +0 dagger
 w - a +0 quarterstaff (weapon)
 A - a cursed -3 dagger
 B - a +0 flail
 C - a +0 club
Missiles
 l - 97 stones (quivered)
 m - 64 arrows
 p - 13 bolts
 t - 5 large rocks
 x - 5 javelins
Armour
 b - a +1 animal skin (worn)
Scrolls
 h - 3 scrolls of identify {unknown}
 i - a scroll of teleportation {unknown}
 k - a scroll of magic mapping {unknown}
 n - 3 scrolls of fog {unknown}
 o - a scroll of remove curse {unknown}
 s - a scroll of enchant weapon {unknown}
 y - 3 scrolls of amnesia {unknown}
Potions
 d - a potion of agility {unknown}
 e - a potion of might {unknown}
 q - a potion of invisibility {unknown}
 r - a potion of curing {unknown}
 v - a potion of lignification {unknown}
Comestibles
 c - 10 rations


   Skills:
 * Level 5.4 Fighting
 + Level 4.0 Polearms
 + Level 0.2(2.4) Staves
 * Level 3.2 Dodging
 * Level 1.1 Stealth


You had 4 spell levels left.
You didn't know any spells.
Your spell library was empty.

Dungeon Overview and Level Annotations

Branches:
Dungeon (3/15)

Altars:
Elyvilon
Gozag
Sif Muna
Trog
Uskayaw
Wu Jian


Innate Abilities, Weirdness & Mutations

You are too large for most types of armour.
You have tough skin. (AC +1)


Message History

You feel sick.
You feel sick.
The goblin shoots a stone.
The stone closely misses you.
The goblin shoots a stone.
The stone hits you.
* * * LOW HITPOINT WARNING * * *
You see here a stone.
You feel sick.
The goblin shoots a stone.
The stone barely misses you.
You feel sick.
The goblin shoots a stone.
The stone hits you.
* * * LOW HITPOINT WARNING * * *
You see here a stone.
* * * LOW HITPOINT WARNING * * *
You feel sick.
* * * LOW HITPOINT WARNING * * *
You feel sick.
* * * LOW HITPOINT WARNING * * *
You feel sick.
* * * LOW HITPOINT WARNING * * *
You feel sick.
You are feeling hungry.
You die...

############ ###########
...........#######..........
.................#..........
.................#..........
...(.............'..........
....(.......o..K.#..........
.(..............@#..........
.........g.......'>..###+###
.#............##.#...#
.'.............#.#...###+#####
####..#..........#...........#
.#....#.........##+#.........#
.#...#####)..................#
_#_..##......%........##รท#####
#######.....#+#.......##.#


You could see an orc, a goblin and a kobold.

Vanquished Creatures
  3 adders
  2 gnolls
  3 worms (D:2)
  4 dart slugs
  2 leopard geckos
  2 orcs (D:3)
  5 giant cockroaches
  13 goblins
  3 hobgoblins
  4 jackals (D:2)
  3 kobolds
  A quokka (D:2)
  4 bats
  3 frilled lizards (D:1)
  5 rats
57 creatures vanquished.

Notes
Turn   | Place    | Note
-------+----------+-------------------------------------------
     0 | D:1      | whitewolfNL the Ogre Berserker began the quest for the Orb.
     0 | D:1      | Reached XP level 1. HP: 24/24 MP: 1/1
   755 | D:1      | Reached XP level 2. HP: 29/32 MP: 2/2
  1389 | D:2      | Reached XP level 3. HP: 31/40 MP: 3/3
  1658 | D:2      | Found a deep blue altar of Sif Muna.
  2015 | D:2      | Reached ** piety under Trog
  2015 | D:2      | Reached skill level 5 in Fighting
  2718 | D:2      | Reached XP level 4. HP: 47/50 MP: 4/4
  2850 | D:2      | Found a bloodstained altar of Trog.
  3265 | D:3      | Reached skill level 1 in Stealth
  3993 | D:3      | Reached XP level 5. HP: 41/57 MP: 5/5
  4038 | D:3      | Found a bloodstained altar of Trog.
  4038 | D:3      | Found an opulent altar of Gozag.
  4039 | D:3      | Found an ornate altar of the Wu Jian Council.
  4095 | D:3      | Found a hide-covered altar of Uskayaw.
  4198 | D:3      | Found a white marble altar of Elyvilon.
  4261 | D:3      | HP: 2/57 [poisoned by a kobold]
  4266 | D:3      | HP: 1/57 [poisoned by a kobold]
  4273 | D:3      | Succumbed to a kobold's poison

Skill      XL: |  1  2  3  4 |
---------------+-------------+-----
Dodging        | 3 |  3.2
Fighting       | 5 |  5.4
Stealth        | 1 |  1.1
Polearms       | 4 |  4.0
Staves         | |  0.2

Action                   |  1- 3 |  4- 6 || total
-------------------------+-------+-------++-------
Melee: Spear             |   101 |    64 ||   165
       Quarterstaff      |       |    37 ||    37
Invok: Berserk           |     2 |     2 ||     4
       Trog's Hand       |       |     1 ||     1
  Use: Scroll            |       |     1 ||     1
  Eat: Chunk             |     7 |     7 ||    14
Armor: Animal skin       |    17 |    30 ||    47
Dodge: Dodged            |    33 |    69 ||   102
